Map: At Eternity's Edge LE

Players

RyanAsh - Winner!

  • Race: Protoss Protoss

A.I. 1 (Harder)

  • Race: Zerg Zerg

VOD

Have the link to the VOD?

Description

Time

  • Played on: Aug. 29, 2026, 4:41 a.m.
  • Length: 15:03
Show
View Real Time Build Order
Export as new Build Order

RyanAsh Protoss - Winner!

Build Orders: Chargelot Immortal 

Get SALT Encoding   

  8  0:01  Probe (Chrono Boost)  
  9  0:12  Probe (Chrono Boost)  
  10  0:18  Probe  
  11  0:28  Pylon  
  11  0:35  Probe  
  12  0:47  Probe  
  13  0:54  Gateway  
  13  1:01  Probe (Chrono Boost)  
  14  1:13  Probe (Chrono Boost)  
  14  1:14  Assimilator  
  15  1:19  Probe (Chrono Boost)  
  16  1:27  Probe  
  17  1:48  Cybernetics Core  
  17  1:51  Pylon  
  17  2:03  Assimilator, Probe (Chrono Boost)  
  19  2:15  Probe (Chrono Boost)  
  19  2:22  Gateway  
  19  2:24  Adept  
  21  2:31  Warp Gate  
  21  2:38  Probe  
  22  2:50  Probe  
  25  3:00  Adept (Chrono Boost)  
  25  3:02  Probe  
  26  3:11  Adept (Chrono Boost)  
  26  3:12  Pylon  
  28  3:14  Probe  
  29  3:22  Robotics Facility  
  29  3:30  Probe  
  32  3:36  Adept (Chrono Boost)  
  32  3:53  Probe  
  33  4:04  Twilight Council  
  33  4:11  Pylon  
  33  4:12  Adept  
  35  4:29  Immortal, Forge  
  39  4:37  Charge (Chrono Boost)  
  39  4:38  Pylon  
  39  4:39  Pylon  
  31  5:19  Adept  
  31  5:23  Adept  
  31  5:24  Protoss Ground Weapons Level 1  
  31  5:27  Immortal  
  37  5:31  Probe  
  38  5:42  Templar Archives  
  38  5:43  Probe  
  39  5:53  Zealot  
  39  5:54  Zealot  
  43  6:05  Gateway  
  43  6:13  Gateway  
  43  6:29  Nexus  
  43  6:32  Zealot x2  
  47  6:33  Pylon  
  47  6:34  Psionic Storm  
  47  7:10  Immortal  
  47  7:15  Probe  
  52  7:20  Assimilator  
  52  7:29  High Templar  
  54  7:35  Zealot x2  
  58  7:42  Probe (Chrono Boost)  
  60  7:48  Probe (Chrono Boost)  
  60  7:49  Immortal  
  64  7:52  Protoss Ground Armor Level 1  
  64  7:55  Probe (Chrono Boost)  
  65  8:11  Probe x2  
  67  8:23  Probe  
  67  8:24  Probe  
  63  8:30  Zealot  
  63  8:31  Zealot x3  
  69  8:35  Probe  
  70  8:51  Observer  
  71  9:01  Zealot x2  
  71  9:02  Zealot x2  
  79  9:15  Pylon  
  79  9:19  Pylon  
  79  9:24  Pylon  
  79  9:28  Pylon  
  79  9:30  Stargate  
  79  9:33  Immortal  
  79  9:34  Stargate  
  79  9:36  Stargate  
  83  9:40  Probe (Chrono Boost)  
  83  9:45  Probe (Chrono Boost)  
  79  9:50  Probe (Chrono Boost)  
  77  9:54  Probe (Chrono Boost)  
  77  9:56  Assimilator  
  77  10:00  Probe  
  78  10:11  Zealot  
  78  10:12  Probe, Zealot x2  
  85  10:14  Immortal  
  89  10:31  High Templar  
  91  10:54  Immortal  
  93  11:00  Zealot x2  
  93  11:02  High Templar  
  99  11:09  Void Ray x3  
  111  11:19  Archon  
  111  11:25  Nexus  
  111  11:28  Assimilator  
  111  11:32  Assimilator  
  111  11:35  Pylon  
  111  11:36  Pylon  
  111  11:38  Pylon  
  89  12:07  Probe (Chrono Boost)  
  91  12:12  Probe (Chrono Boost), Protoss Shields Level 1  
  91  12:13  Protoss Air Weapons Level 1  
  91  12:18  Probe (Chrono Boost)  
  91  12:20  Void Ray  
  91  12:21  Probe (Chrono Boost)  
  91  12:22  Probe (Chrono Boost)  
  98  12:31  Probe  
  99  12:46  Probe x2 (Chrono Boost)  
  102  12:51  Probe (Chrono Boost)  
  102  12:53  Zealot x2  
  102  12:55  High Templar x2  
  111  12:59  Probe (Chrono Boost), Observer  
  111  13:01  Void Ray x2  
  120  13:26  Zealot x2  
  124  13:35  Photon Cannon  
  124  13:36  Photon Cannon  
  124  13:38  Photon Cannon  
  124  13:45  Fleet Beacon  
  124  14:11  Zealot x2  
  124  14:12  Zealot x2  
  120  14:49  Zealot x2  
  120  14:50  Zealot x2  
Show
View Real Time Build Order
Export as new Build Order

A.I. 1 (Harder) Zerg 

Build Orders: 1 Base Baneling Bust, Pool First 

Get SALT Encoding   

  8  0:00  Drone  
  9  0:10  Drone  
  10  0:16  Drone  
  11  0:21  Drone  
  12  0:33  Overlord  
  12  0:51  Drone x3  
  15  1:01  Drone  
  16  1:09  Spawning Pool  
  15  1:12  Drone  
  16  1:18  Extractor  
  16  1:20  Drone  
  16  1:30  Drone  
  17  1:40  Overlord  
  17  1:57  Zergling x2  
  17  1:59  Queen  
  21  2:01  Zergling x2  
  21  2:05  Roach Warren  
  20  2:10  Drone  
  21  2:20  Drone  
  22  2:30  Overlord  
  22  2:40  Drone  
  23  2:50  Roach  
  25  3:00  Drone  
  25  3:05  Overlord  
  26  3:06  Extractor, Roach  
  26  3:07  Drone  
  26  3:11  Roach  
  30  3:20  Baneling Nest  
  30  3:21  Roach  
  30  3:25  Evolution Chamber  
  30  3:31  Roach  
  32  3:37  Drone x2, Roach  
  36  3:41  Drone  
  37  3:51  Drone  
  38  4:01  Overlord  
  38  4:09  Drone x3  
  41  4:12  Drone  
  42  4:22  Lair, Drone  
  43  4:34  Overlord  
  43  4:46  Zerg Melee Weapons Level 1  
  41  5:05  Zergling x2  
  38  5:22  Hydralisk Den  
  37  5:29  Spore Crawler, Drone  
  37  5:36  Spore Crawler  
  37  5:37  Drone  
  37  5:38  Burrow  
  37  5:51  Hydralisk  
  39  5:59  Hydralisk  
  39  6:00  Spine Crawler, Drone  
  39  6:02  Spine Crawler  
  39  6:04  Drone  
  41  6:06  Hydralisk  
  43  6:14  Hydralisk  
  45  6:23  Ravager x2  
  45  6:24  Roach  
  49  6:30  Hatchery  
  49  6:32  Roach, Drone  
  51  6:40  Zerg Ground Armor Level 1  
  51  6:49  Queen  
  51  6:50  Overseer  
  51  6:51  Overseer  
  53  6:56  Evolution Chamber, Drone  
  53  7:00  Infestation Pit  
  53  7:01  Drone  
  53  7:22  Zerg Missile Weapons Level 1  
  53  7:26  Spire  
  52  7:42  Queen  
  52  7:43  Drone x3, Overlord  
  52  7:44  Drone x3  
  59  7:49  Drone  
  59  7:51  Extractor  
  60  7:55  Spore Crawler  
  60  7:56  Infestor  
  60  7:57  Spore Crawler  
  60  8:00  Drone  
  60  8:04  Roach  
  63  8:09  Roach  
  63  8:12  Overlord  
  65  8:22  Hydralisk  
  55  8:27  Hydralisk  
  55  8:33  Roach  
  48  8:38  Zergling x2  
  49  8:43  Roach  
  49  8:47  Hatchery  
  50  8:52  Roach  
  50  8:54  Drone  
  53  8:58  Roach  
  53  9:02  Hydralisk  
  55  9:07  Infestor  
  59  9:12  Pneumatized Carapace  
  59  9:23  Hydralisk  
  59  9:29  Roach  
  61  9:34  Roach  
  63  9:39  Roach  
  63  9:40  Extractor  
  63  9:41  Drone  
  63  9:43  Overseer  
  63  9:44  Roach  
  60  9:49  Roach  
  48  9:54  Zergling x2  
  48  9:59  Hydralisk  
  51  10:01  Drone  
  51  10:04  Drone, Roach  
  55  10:07  Drone  
  55  10:09  Hydralisk  
  55  10:10  Drone  
  59  10:14  Drone  
  59  10:19  Hydralisk  
  62  10:24  Infestor  
  64  10:30  Roach  
  64  10:35  Roach  
  68  10:40  Roach  
  70  10:45  Roach  
  70  10:49  Drone  
  65  10:50  Roach  
  65  10:53  Drone  
  65  10:55  Roach  
  70  10:57  Drone  
  70  11:00  Drone  
  70  11:04  Drone  
  73  11:08  Drone  
  74  11:14  Hydralisk  
  76  11:21  Overlord  
  76  11:27  Hydralisk  
  76  11:32  Hydralisk  
  78  11:37  Infestor  
  45  12:02  Roach  
  45  12:03  Hatchery  
  46  12:13  Hive  
  46  12:24  Corruptor  
  48  12:40  Zergling x2  
  49  12:59  Roach  
  49  13:03  Roach  
  53  13:07  Hydralisk  
  53  13:11  Hydralisk  
  57  13:26  Greater Spire  
  57  13:44  Infestor  
  59  13:56  Infestor  
  59  13:58  Drone  
  59  14:01  Drone  
  63  14:03  Drone  
  63  14:06  Drone  
  63  14:08  Drone  
  66  14:11  Drone  
  66  14:14  Drone  
  66  14:15  Viper  
  70  14:20  Corruptor, Hydralisk  
  70  14:21  Zergling x2  
  57  14:25  Hydralisk  
  54  14:43  Overlord, Drone x2  
Tags
 
Add a new tag
Caveats
  • Supply blocks, unpowered buildings, or Contaminate may cause inaccurate times.
  • Supply counts are checked every 10 seconds.